 Dungeon Crawl Stone Soup version 0.19.1 (webtiles) character file.

121 loralnil the Sneak (level 5, -2/28 HPs)
             Began as a Vine Stalker Monk on Dec 11, 2016.
             Killed by divine providence
             ... invoked by an orc priest
              (9 damage)
             ... on level 3 of the Dungeon.
             The game lasted 00:04:22 (1935 turns).

loralnil the Sneak (Vine Stalker Monk)              Turns: 1935, Time: 00:04:23

Health: -2/28      AC:  2    Str: 19    XL:     5   Next: 5%
Magic:  0/6        EV: 13    Int: 10    God:
Gold:   170        SH:  5    Dex: 17    Spells: 0 memorised, 4 levels left

rFire  . . .     SeeInvis .       - Unarmed
rCold  . . .     Gourm    .     a - +0 robe
rNeg   . . .     Faith    .     (no shield)
rPois  .         Spirit   +     (no helmet)
rElec  .         Reflect  +     (no cloak)
rCorr  +         Harm     .     (no gloves)
MR     .....                    (no boots)
Stlth  +++.......               c - +5 amulet of reflection
                                f - ring of resist corrosion
                                (no ring)

@: mighty
A: fangs 2, regeneration 1, magic shield, antimagic bite, no device heal 3, rot
immunity
a: no special abilities


You were on level 3 of the Dungeon.
You were not hungry.

You visited 1 branch of the dungeon, and saw 4 of its levels.

You collected 170 gold pieces.

Inventory:

Armour
 a - a +0 robe (worn)
Jewellery
 c - a +5 amulet of reflection (around neck)
 e - an uncursed ring of fire
 f - a ring of resist corrosion (right hand)
Scrolls
 g - 2 scrolls of enchant weapon
Potions
 d - a potion of cancellation {unknown}
 i - a potion of haste {unknown}
 j - a potion of curing {unknown}
 k - a potion of heal wounds {unknown}
 l - a potion of flight {unknown}
Comestibles
 b - 4 bread rations
 m - a chunk of flesh
 n - a beef jerky


   Skills:
 + Level 3.3 Fighting
 + Level 2.7 Dodging
 + Level 4.2 Stealth
 + Level 3.9 Unarmed Combat


You had 4 spell levels left.
You didn't know any spells.

Dungeon Overview and Level Annotations

Branches:
Dungeon (4/15)
 Temple: D:4-7

Altars:
Qazlal
Trog


Innate Abilities, Weirdness & Mutations

You have extremely sharp teeth.
Your natural rate of healing is unusually fast.
When hurt, damage is shared between your health and your magic reserves.
Your bite disrupts and absorbs the magic of your enemies.
Potions and wands cannot restore your health.
You are immune to rotting.


Message History

The orc barely misses you.
You closely miss the orc priest. You block the orc priest's attack.
You block the orc's attack.
You hit the orc priest but do no damage.
You block the orc priest's attack. The orc misses you.
The orc shouts!
You hit the orc priest. You bite the orc priest. You drain its power.
You feel invigorated.
The orc priest is heavily wounded.
The orc priest hits you with a whip. The orc closely misses you.
You barely miss the orc priest. Your bite misses the orc priest.
The orc priest is heavily wounded.
The orc priest calls down the wrath of Beogh upon you.
Beogh smites you!
* * * LOW HITPOINT WARNING * * *
You feel very mighty all of a sudden. You block the orc's attack.
The orc priest mumbles some strange prayers to Beogh against you.
Beogh smites you!
You die...

.######.### #.# .##.
.##.......##.###.##.....
.##.###.#.##.........# ###.#
#.#.# #.# # #.# #.#.######)##.##
#... #.# #.#.##......)..# ###...
. #.###.#.##.#...##.............
#.......##......##.######...#.
#####.####...o@..# # ##.....##
##.##.## #...o...# ##.......#
###.))...###.#..o...o# #...o.....
.))....................'.........
###......######.#...####.........
##.#.### #.##.## ##.......# ###.#
#.# ## ##.....## #.# ... ##.o.##
#.# # ##'##


You could see an orc priest and 3 orcs.

Vanquished Creatures
  An orc wizard (D:3)
  3 adders (D:2)
  3 oozes
  A leopard gecko (D:3)
  9 orcs (D:3)
  2 giant cockroaches
  A goblin (D:2)
  4 hobgoblins
  5 kobolds
  A ball python (D:1)
  9 bats
  3 frilled lizards
  A rat (D:1)
  A plant (D:2)
44 creatures vanquished.

Vanquished Creatures (others)
  A goblin (D:3)
1 creature vanquished.

Grand Total: 45 creatures vanquished

Notes
Turn   | Place    | Note
-------+----------+-------------------------------------------
     0 | D:1      | loralnil the Vine Stalker Monk began the quest for the Orb.
     0 | D:1      | Reached XP level 1. HP: 11/11 MP: 2/2
   351 | D:1      | Reached XP level 2. HP: 13/16 MP: 3/3
   598 | D:2      | Found a bloodstained altar of Trog.
   752 | D:2      | Reached skill level 3 in Stealth
   752 | D:2      | Reached XP level 3. HP: 16/20 MP: 4/4
  1173 | D:2      | Gained mutation: Your natural rate of healing is unusually fast. [Vine Stalker growth]
  1173 | D:2      | Reached XP level 4. HP: 4/24 MP: 5/5
  1732 | D:4      | Found a stormy altar of Qazlal.
  1863 | D:3      | Reached skill level 4 in Stealth
  1917 | D:3      | Reached XP level 5. HP: 27/28 MP: 6/6
  1935 | D:3      | Killed from afar by an orc priest

Skill      XL: |  1  2  3  4 |
---------------+-------------+-----
Fighting       | 3 |  3.3
Stealth        | 3 4 |  4.2
Dodging        | |  2.7
Unarmed Combat | |  3.9

Action                   |  1- 3 |  4- 6 || total
-------------------------+-------+-------++-------
Melee: Unarmed           |   135 |    70 ||   205
       Bite              |    52 |    19 ||    71
       Punch             |     7 |     1 ||     8
  Use: Scroll            |     6 |       ||     6
       Potion            |       |     1 ||     1
 Stab: Sleeping          |     7 |     1 ||     8
       Distracted        |       |     1 ||     1
  Eat: Chunk             |     1 |     2 ||     3
Armor: Robe              |     8 |     7 ||    15
Dodge: Dodged            |    36 |    32 ||    68
Block: Other             |    15 |    19 ||    34
       Reflection        |       |     2 ||     2
